 Dungeon Crawl Stone Soup version 0.28.0-45-g0d030f2227 (webtiles) character file.

Game seed: 13318984626633059264

31 bobregger the Twirler (level 3, -2/28 HPs)
             Began as a Demonspawn Gladiator on Apr 21, 2022.
             Was a Follower of Fedhas.
             Slain by a frilled lizard (3 damage)
             ... on level 2 of the Dungeon on Apr 22, 2022.
             The game lasted 00:02:53 (1534 turns).

bobregger the Twirler (Demonspawn Gladiator)        Turns: 1534, Time: 00:02:54

Health: -2/28      AC:  0    Str: 16    XL:     3   Next: 7%
Magic:  3/3        EV: 13    Int:  9    God:    Fedhas [*.....]
Gold:   56         SH:  4    Dex: 16    Spells: 2/2 levels left

rFire   . . .      SeeInvis .   (no weapon)
rCold   . . .      Faith    .   (no shield)
rNeg    . . .      Spirit   .   (no armour)
rPois   .          Reflect  .   (no helmet)
rElec   .          Harm     .   (no cloak)
rCorr   .          Rampage  .   (no gloves)
Will    .....                   (no boots)
Stlth   ++........              (no amulet)
HPRegen 0.09/turn               (no ring)
MPRegen 0.08/turn               (no ring)

@: no status effects
A: thin skeletal structure 1, condensation shield
a: Renounce Religion


You were on level 2 of the Dungeon.
You worshipped Fedhas.
Fedhas was aware of your devotion.
You visited 1 branch of the dungeon, and saw 2 of its levels.

You collected 56 gold pieces.

Inventory:

Missiles
 d - 3 throwing nets (quivered)
Scrolls
 b - a scroll of blinking {unknown}
 e - 2 scrolls of amnesia {unknown}
 h - a scroll of fear {unknown}
 i - a scroll of teleportation {unknown}
Potions
 a - a potion of brilliance {unknown}
 g - a potion of flight {unknown}


   Skills:
 + Level 2.5 Fighting
 * Level 3.5 Staves
 - Level 1.7 Throwing
 - Level 2.6 Dodging


You had 2 spell levels left.
You didn't know any spells.
Your spell library was empty.

Dungeon Overview and Level Annotations

Branches:
Dungeon (2/15)

Altars:
Fedhas


Innate Abilities, Weirdness & Mutations

You have a somewhat thin skeletal structure. (Dex +2, Stealth+)
A meltable shield of frost defends you. (SH +4)


Message History

Fedhas appreciates your contribution to the ecosystem.
You see here a frilled lizard corpse.
You see here a +0 dagger.
HP restored.
You see here a frilled lizard corpse.
a - a fuming puce potion
Found 6 arrows.
A gnoll comes into view. It is wielding a +0 halberd.
The gnoll moves out of view.
A gnoll is nearby!
A frilled lizard and a gnoll come into view.
Found a stone staircase leading down.
The gnoll moves out of view.
A kobold comes into view. It is wielding a +0 short sword.
A gnoll comes into view. It is wielding a +0 whip.
A gnoll comes into view. It is wielding a +0 flail.
The frilled lizard bites you.
The gnoll moves out of view.
The kobold shouts!
The gnoll shouts! x2
You hit the kobold.
The kobold is moderately wounded.
The frilled lizard bites you. You block the kobold's attack.
You closely miss the kobold.
The kobold is moderately wounded.
The frilled lizard bites you. You block the kobold's attack.
You completely miss the kobold.
The kobold is moderately wounded.
The frilled lizard closely misses you.
The gnoll hits you from afar with a +0 halberd!
The kobold hits you with a +0 short sword.
* * * LOW HITPOINT WARNING * * *
You hit the kobold.
The kobold is heavily wounded.
You block the frilled lizard's attack. The gnoll barely misses you.
The kobold hits you with a +0 short sword.
* * * LOW HITPOINT WARNING * * *
You barely miss the kobold.
The kobold is heavily wounded.
The frilled lizard bites you.
You die...
Fedhas appreciates your contribution to the ecosystem.

##### #..>
###########.###.###
######..................
............(..#@#......
.....#..########Klg....#
..##.#..### ###......
.[........# ...g..
.#.#......# .....
......>...# #.##.
.#.###†#..# .# .#.#
#.#..### . ##.###.#....#


You could see 2 gnolls, a kobold and a frilled lizard.

Vanquished Creatures
  A gnoll (D:1)
  3 bats (D:1)
  4 endoplasms (D:1)
  A giant cockroach (D:1)
  2 ball pythons (D:1)
  3 frilled lizards
  2 goblins (D:1)
  4 kobolds (D:1)
  A rat (D:1)
21 creatures vanquished.

Vanquished Creatures (others)
  A plant (D:1)
1 creature vanquished.

Grand Total: 22 creatures vanquished

Notes
Turn   | Place    | Note
-------+----------+-------------------------------------------
     0 | D:1      | bobregger the Demonspawn Gladiator began the quest for the
                  | Orb.
     0 | D:1      | Reached XP level 1. HP: 16/16 MP: 1/1
    86 | D:1      | Reached skill level 3 in Staves
   318 | D:1      | Gained mutation: You have a somewhat thin skeletal
                  | structure. (Dex +2, Stealth+) [demonic ancestry]
   318 | D:1      | Reached XP level 2. HP: 17/22 MP: 2/2
   444 | D:1      | Found a faded altar of an unknown god.
  1133 | D:1      | Gained mutation: A meltable shield of frost defends you.
                  | (SH +4) [demonic ancestry]
  1133 | D:1      | Reached XP level 3. HP: 28/28 MP: 3/3
  1420 | D:1      | Prayed at the altar of an unknown god.
  1420 | D:1      | Became a worshipper of Fedhas Madash
  1420 | D:1      | Reached * piety under Fedhas
  1533 | D:2      | HP: 1/28 [kobold/+0 short sword (6)]
  1534 | D:2      | Slain by a frilled lizard

Illustrated notes

Levels and vault maps discovered:
D:1:      dpeg_arrival_fog, layout_basic, shapermc_ecumenical_altar_flowoftime
D:2:      layout_loops_ring, minmay_goblin_kobold_house, uniq_jessica

Skill      XL: |  1 |
---------------+----+-----
Staves         | 3 |  3.5
Fighting       | |  2.5
Throwing       | |  1.7
Dodging        | |  2.6

Action                   || total
-------------------------++-------
Melee: Quarterstaff      ||    49
       Unarmed           ||     8
Armor: Leather armour    ||     9
       Plate armour      ||    34
Dodge: Dodged            ||    18
Block: Other             ||     3
